 Dungeon Crawl Stone Soup version 0.21-a0-1-gaf3b9a5 (webtiles) character file.

363 straycat the Insei (level 6, -1/46 HPs)
             Began as a Vampire Skald on May 20, 2017.
             Killed by nerve-wracking pain
             ... invoked by Grinder
              (3 damage)
             ... on level 4 of the Dungeon.
             The game lasted 00:48:06 (4623 turns).

straycat the Insei (Vampire Skald)                  Turns: 4623, Time: 00:48:07

Health: -1/46      AC: 12    Str: 10    XL:     6   Next: 39%
Magic:  18/18      EV: 12    Int: 16    God:
Gold:   71         SH:  0    Dex: 15    Spells: 4/9 levels left

rFire    . . .     SeeInvis +     - Unarmed
rCold    . . .     Gourm    .   (no shield)
rNeg     + . .     Faith    .   I - +5 ring mail
rPois    .         Spirit   .   r - +1 helmet
rElec    .         Reflect  .   (no cloak)
rCorr    .         Harm     .   (no gloves)
MR       .....                  (no boots)
Stlth    +.........             (no amulet)
Regen    0.2/turn               z - ring of magical power
MPRegen  0.2/turn               (no ring)

@: no status effects
A: fangs 3, see invisible, unbreathing
a: Bat Form


You were on level 4 of the Dungeon.
You were not thirsty.

You visited 1 branch of the dungeon, and saw 5 of its levels.

You collected 153 gold pieces.
You spent 82 gold pieces at shops.

Inventory:

Hand Weapons
 i - a +0 whip
 m - a +2 quarterstaff of crushing
 n - a +0 trident
 o - a +2 mace of holy wrath
 s - a +0 war axe
 u - a +0 mace
 w - a +0 short sword
 A - a +0 trident
 G - a +0 battleaxe
Missiles
 e - 17 poisoned needles
 f - 105 bolts
 h - 85 stones (quivered)
 q - 19 sling bullets
Armour
 a - a +0 leather armour
 g - a +0 ring mail
 j - a +0 robe
 r - a +1 helmet (worn)
 t - a +0 leather armour
 y - a +0 scale mail
 B - a +0 animal skin
 F - a +3 ring mail
 H - a +0 robe
 I - a +5 ring mail (worn)
 K - a +0 ring mail
Jewellery
 z - a ring of magical power (left hand)
Wands
 E - a wand of random effects (25/48)
Scrolls
 d - 2 scrolls of remove curse
 x - a scroll of teleportation
 J - a scroll of silence
Potions
 c - 12 potions of blood
 l - a potion of heal wounds
 v - a potion of berserk rage
 D - a potion of brilliance
 L - a potion of agility
Books
 b - a book of Battle

   Spells                             Type                      Level
   a - Infusion                       Charms                       1
   b - Shroud of Golubria             Charms/Translocation         2
   c - Song of Slaying                Charms                       2
   d - Spectral Weapon                Hexes/Charms                 3
   e - Regeneration                   Charms/Necromancy            3
Comestibles
 p - a bread ration
 C - 2 royal jellies
 M - a meat ration


   Skills:
 * Level 2.4 Fighting
 - Level 0.1 Polearms
 + Level 0.8 Throwing
 + Level 2.3 Armour
 * Level 3.4 Dodging
 + Level 1.9 Stealth
 * Level 4.1 Unarmed Combat
 + Level 2.3 Spellcasting
 + Level 4.1 Charms
 + Level 0.2 Translocations
 + Level 0.1 Evocations


You had 4 spell levels left.
You knew the following spells:

 Your Spells              Type           Power        Failure   Level  Hunger
a - Infusion              Chrm           ###.         9%          1    #......
b - Shroud of Golubria    Chrm/Tloc      #.........   30%         2    ###....
c - Song of Slaying       Chrm           ###.....     14%         2    ###....


Dungeon Overview and Level Annotations

Branches:
Dungeon (5/15)
 Temple: D:4-7

Altars:
Ashenzari
Hepliaklqana
Qazlal
Ru
Trog

Shops:
D:4 *?[

Annotations:
D:4 Grinder


Innate Abilities, Weirdness & Mutations

You have razor-sharp teeth.
You have supernaturally acute eyesight. (SInv)
You can survive without breathing.


Message History

Grinder blinks!
Grinder blinks!
Yummy - fresh blood!
Grinder blinks!
Grinder says, "There's only one good use for a tongue: cutting it out."
Grinder gestures at you. Pain shoots through your body!
* * * LOW HITPOINT WARNING * * *
As you read the scroll of fog, it crumbles to dust.
The scroll dissolves into smoke.
You start resting.
Grinder blinks!
You hit Grinder.
Grinder is moderately wounded.
Grinder gestures at you. Pain shoots through your body!
* * * LOW HITPOINT WARNING * * *
Grinder gestures at you. Pain shoots through your body!
You die...

# #.# #..##.............
# #.# #..##.............
###.# #..##.............
.##.####.##.............
.##..###................
........................
.###..##......§§§#######
.####.##....#+#§§#
.#.....#....#∩#§@#
.#...#.##...###§§#
.#...#..#..§§§§§5#
.#...##.#.##§§######
...........5.........
.#...###.#.#.#######.
.....# #...#.# .....#
##....# .#...# #.)..#


You could see Grinder.

Vanquished Creatures
  Blork the orc (D:4)
  A centaur skeleton (D:3)
  A worker ant (D:4)
  Ijyb (D:3)
  2 iguanas (D:4)
  Natasha (D:4)
  5 adders
  An adder skeleton (D:4)
  3 worms
  3 dart slugs
  5 leopard geckos
  3 orcs
  A ball python (D:2)
  3 giant cockroaches
  6 goblins
  6 hobgoblins
  7 kobolds
  3 quokkas
  9 bats
  6 frilled lizards
  A leopard gecko skeleton (D:4)
  9 rats
78 creatures vanquished.

Notes
Turn   | Place    | Note
-------+----------+-------------------------------------------
     0 | D:1      | straycat the Vampire Skald began the quest for the Orb.
     0 | D:1      | Reached XP level 1. HP: 16/16 MP: 3/3
   223 | D:1      | Reached XP level 2. HP: 22/22 MP: 5/5
   913 | D:1      | Reached skill level 1 in Armour
  1520 | D:1      | Reached XP level 3. HP: 22/27 MP: 6/6
  2098 | D:2      | You fall through a shaft!
  2175 | D:3      | Reached XP level 4. HP: 28/33 MP: 2/7
  2403 | D:3      | Found a bloodstained altar of Trog.
  2584 | D:3      | Noticed Ijyb
  2927 | D:3      | Learned a level 2 spell: Shroud of Golubria
  3275 | D:3      | Killed Ijyb
  3275 | D:3      | Reached XP level 5. HP: 35/38 MP: 8/8
  3424 | D:3      | Learned a level 2 spell: Song of Slaying
  3425 | D:4      | Noticed Blork the orc
  3440 | D:4      | Killed Blork the orc
  3440 | D:4      | Reached skill level 1 in Stealth
  3535 | D:4      | Found Umiedgh's Magic Scroll Boutique.
  3948 | D:4      | Bought a scroll of silence for 82 gold pieces
  3950 | D:5      | Entered Level 5 of the Dungeon
  4065 | D:4      | Found Vuicwoar's Assorted Antiques.
  4121 | D:4      | Reached XP level 6. HP: 42/46 MP: 9/9
  4138 | D:4      | Found a hazy altar of Hepliaklqana.
  4139 | D:4      | Found a stormy altar of Qazlal.
  4142 | D:4      | Found a sacrificial altar of Ru.
  4143 | D:4      | Found a shattered altar of Ashenzari.
  4145 | D:4      | Found a bloodstained altar of Trog.
  4344 | D:4      | Noticed Natasha
  4358 | D:4      | Killed Natasha
  4516 | D:4      | Found Rutsysh's Armour Shop.
  4533 | D:4      | Noticed Grinder
  4555 | D:4      | Paralysed by Grinder for 4 turns
  4567 | D:4      | Paralysed by Grinder for 4 turns
  4622 | D:4      | HP: 2/46 [Grinder/nerve-wracking pain (3)]
  4623 | D:4      | Killed from afar by Grinder

Vault maps used:
D:1:      dpeg_arrival_houses_and_road, roderic_nine_men_s_morris,
          minmay_misc_feat_roman
D:2:      minmay_diamond_boxcup, gammafunk_temple_overflow_elements,
          uniq_crazy_yiuf_cottage
D:3:      trog_butcher_becter, uniq_ijyb
D:4:      gammafunk_temple_overflow_wave, minitemple, serial_shops, shop, shop,
          nicolae_shop_window_shopping, nicolae_shop_waterfront, uniq_natasha,
          uniq_grinder, uniq_blork_the_orc
D:5:      lemuel_coloured_pillars_altar, first_bread,
          nicolae_gozag_cash_rules_everything_around_me

Skill      XL: |  1  2  3  4  5  6 |
---------------+-------------------+-----
Armour         | 1 2 |  2.3
Unarmed Combat | 3 4 |  4.1
Charms         | 4 |  4.1
Fighting       | 2 |  2.4
Dodging        | 3 |  3.4
Stealth        | 1 |  1.9
Polearms       | |  0.1
Throwing       | |  0.8
Spellcasting   | |  2.3
Translocations | |  0.2
Evocations     | |  0.1

Action                   |  1- 3 |  4- 6 || total
-------------------------+-------+-------++-------
Melee: Unarmed           |   129 |   214 ||   343
       Bite              |     5 |    24 ||    29
       Punch             |     4 |     3 ||     7
       Trident           |    22 |       ||    22
       Quarterstaff      |     6 |    15 ||    21
       Spear             |     5 |     3 ||     8
Throw: Stone             |       |    13 ||    13
 Cast: Infusion          |     3 |    16 ||    19
       Shroud of Golubri |       |     6 ||     6
       Song of Slaying   |       |     3 ||     3
  Use: Potion            |     4 |    10 ||    14
       Scroll            |     5 |    10 ||    15
Armor: Leather armour    |     9 |       ||     9
       Ring mail         |    44 |    77 ||   121
Dodge: Dodged            |   124 |   119 ||   243
